 Dungeon Crawl Stone Soup version 0.28-a0-194-g42b4daccc1 (webtiles) character file.

Game seed: 11374392700515390851

19077 siradein the Severer (level 12, -2/102 (129) HPs)
             Began as a Demonspawn Berserker on Aug 19, 2021.
             Was an Elder of Trog.
             Slain by a minotaur (15 damage)
             ... in a Gauntlet.
             The game lasted 00:40:02 (12666 turns).

siradein the Severer (Demonspawn Berserker)        Turns: 12666, Time: 00:40:04

HP:   -2/102 (129)  AC: 20    Str: 22    XL:     12   Next: 33%
MP:   12/12         EV: 21    Int:  9    God:    Trog [****..]
Gold: 622           SH:  9    Dex: 13    Spells: 11/11 levels left

rFire   + . .      SeeInvis .   a - +1 battleaxe (elec)
rCold   . . .      Faith    .   (shield currently unavailable)
rNeg    . . .      Spirit   .   q - +1 steam dragon scales
rPois   .          Reflect  +   (helmet restricted)
rElec   .          Harm     .   x - +2 cloak {rCorr}
rCorr   +          Rampage  .   p - +0 pair of gloves
Will    ++...      NoTele   +   z - +0 pair of boots
Stlth   ..........              b - amulet of reflection
HPRegen 1.27/turn               N - +4 ring of evasion
MPRegen 0.13/turn               M - +4 ring of evasion

@: berserking, strong-willed, regenerating, heavily drained, very quick
A: antennae 1, molten scales 3, icemail 1, powered by death 2, condensation
shield
a: Renounce Religion, Berserk, Trog's Hand, Brothers in Arms


You were in a Gauntlet.
You worshipped Trog.
Trog was greatly pleased with you.
You visited 2 branches of the dungeon, and saw 13 of its levels.
You also visited: Sewer and Gauntlet.

You collected 854 gold pieces.
You spent 232 gold pieces at shops.

Inventory:

Hand Weapons
 a - a +1 battleaxe of electrocution (weapon)
 J - a +3 mace of protection
Missiles
 g - 6 throwing nets
 o - 18 poisoned darts (quivered)
Armour
 p - a +0 pair of gloves (worn)
 q - +1 steam dragon scales (worn)
 x - a +2 cloak of preservation (worn)
 z - a +0 pair of boots (worn)
 D - the -2 cloak of the Ladybird {*Corrode rN+ Slay+3}
   (You found it in a Gauntlet)

   Slay:      It affects your accuracy & damage with ranged weapons and melee
   (+3).
   rN:        It protects you from negative energy.
   *Corrode:  It may corrode you when you take damage.
Jewellery
 b - an amulet of reflection (around neck)
 e - a +6 ring of intelligence
 G - a ring of protection from fire
 M - a +4 ring of evasion (right hand)
 N - a +4 ring of evasion (left hand)
Wands
 j - a wand of charming (2)
 w - a wand of digging (3)
 A - a wand of mindburst (14)
 E - a wand of flame (15)
 L - a wand of acid (13)
Scrolls
 c - a scroll of fog
 d - a scroll of enchant armour
 f - 2 scrolls of teleportation
 l - a scroll of fear {unknown}
 n - a scroll of acquirement {unknown}
 r - a scroll of vulnerability {unknown}
 t - 2 scrolls of enchant weapon {unknown}
 u - a scroll of amnesia {unknown}
 y - a scroll of identify
 H - a scroll of silence
 O - 2 scrolls of blinking
Potions
 h - 2 potions of cancellation {unknown}
 i - 5 potions of mutation
 k - 2 potions of heal wounds
 m - 7 potions of curing
 s - 6 potions of attraction
 v - 2 potions of haste {unknown}
 B - a potion of brilliance {unknown}
 F - a potion of lignification
 I - a potion of degeneration {unknown}
 K - 2 potions of ambrosia {unknown}
 Q - a potion of invisibility {unknown}
Miscellaneous
 C - a lightning rod (4/4)
 P - a phial of floods


   Skills:
 + Level 5.6 Fighting
 - Level 16.0 Axes
 + Level 4.7 Armour
 + Level 4.7 Dodging
 + Level 4.5 Evocations


You had 11 spell levels left.
You didn't know any spells.
Your spell library was empty.

Dungeon Overview and Level Annotations

Branches:
Dungeon (12/15)            Temple (0/1) D:6            Lair (1/6) D:9
    Orc (0/2) D:9           Sewer (visited)         Gauntlet (1/1)

Altars:
Fedhas
Kikubaaqudgha
Qazlal
Xom

Shops:
D:3 (   D:12 =

Annotations:
D:11 3 runed translucent doors
Lair:1 3 runed translucent doors, GameKiller's ghost, novice DsWz Gauntlet 4 transporters


Innate Abilities, Weirdness & Mutations

You have a pair of small antennae on your head.
You are completely covered in molten scales. (AC +4, rF+)
A meltable icy envelope protects you from harm. (AC +4)
You regenerate health from kills.
A meltable shield of frost defends you. (SH +4)


Message History

The minotaur gores you but does no damage.
You slice the minotaur!!
The minotaur is moderately wounded.
The minotaur hits you with the +11 great sword of Esupreno {drain, +Rage rPois Int+3}!
You feel drained. You block the minotaur's attack.
You slash the minotaur!
The minotaur is heavily wounded.
The minotaur hits you with the +11 great sword of Esupreno {drain, +Rage rPois Int+3}!!
You feel drained. The minotaur gores you.
You are too injured to fight recklessly!
You are too injured to fight recklessly!
You are too injured to fight recklessly!
The minotaur blocks your attack.
The minotaur is heavily wounded.
You slash the minotaur! Lightning courses through the minotaur!
The minotaur is severely wounded.
The minotaur misses you. The minotaur gores you.
The minotaur blocks your attack.
The minotaur is severely wounded.
The minotaur blocks your attack.
The minotaur is severely wounded.
You block the minotaur's attack.
The minotaur gores you but does no damage.
The minotaur blocks your attack.
The minotaur is severely wounded.
The minotaur hits you with the +11 great sword of Esupreno {drain, +Rage rPois Int+3}!
You feel drained. The minotaur gores you. The minotaur blocks your attack.
The minotaur is severely wounded.
The minotaur blocks your attack.
The minotaur is severely wounded.
You block the minotaur's attack. x2
You slash the minotaur!
The minotaur is almost dead.
The minotaur blocks your attack.
The minotaur is almost dead.
The minotaur hits you with the +11 great sword of Esupreno {drain, +Rage rPois Int+3}!!
* * * LOW HITPOINT WARNING * * *
You feel drained.
You die...

################################
#8##≈...............≈##8# #8#
####8.8.8..©.©..8.8.8#### ###
#≈...............≈#
#########.######### #####.#
#.....# #.####### #.#.H@..#
#.#.###.# #.#.# #.# #.#.# #.#
#.#.#{#.# #.#H. #.# #.#####.#
#.......# #########


You could see a minotaur.

Vanquished Creatures
  A minotaur (shapeshifter) (Gauntlet)
  Harold (D:7)
  A hydra (D:10)
  2 centaur warriors
  A tengu warrior (D:10)
  A two-headed ogre (D:9)
  A fire crab (Gauntlet)
  A deep elf pyromancer (D:10)
  An ugly thing (D:12)
  A moth of wrath (Gauntlet)
  A manticore (D:10)
  A smoke demon (Gauntlet)
  Maggie (D:7)
  2 komodo dragons
  5 trolls
  A red devil (Gauntlet)
  3 blink frogs (Lair:1)
  A wyvern (D:9)
  3 fire bats (Gauntlet)
  A basilisk (Lair:1)
  9 yaks
  A steam dragon (D:7)
  4 vampire mosquitoes (D:12)
  A water moccasin (Sewer)
  Duvessa (D:7)
  12 orc warriors
  A sky beast (D:8)
  2 black bears
  An ogre (D:6)
  8 wolves
  A necrophage (D:5)
  7 centaurs
  A kobold brigand (D:8)
  5 bullfrogs
  3 scorpions
  2 gnoll sergeants
  Dowan (D:7)
  6 wights
  9 killer bees
  5 electric eels
  2 crimson imps (Gauntlet)
  A jelly (D:4)
  5 hounds
  A bullfrog skeleton (D:6)
  7 orc priests
  2 bullfrog zombies (D:5)
  2 gnoll shamans
  4 iguanas
  9 orc wizards
  2 killer bee zombies
  A howler monkey zombie (D:5)
  Robin (D:3)
  14 gnolls
  6 adders
  2 shadow imps
  2 white imps
  4 adder skeletons
  3 worms
  4 dart slugs
  41 orcs
  12 ball pythons
  10 endoplasms
  3 giant cockroaches
  10 goblins
  9 hobgoblins
  2 jackals (Sewer)
  14 kobolds
  4 quokkas
  5 bats
  3 frilled lizards
  A quokka skeleton (D:4)
  12 rats
308 creatures vanquished.

Vanquished Creatures (others)
  A deep elf pyromancer (D:10)
  Maurice (D:8)
  An unseen horror (D:11)
  An orc (D:11)
  A fungus (Gauntlet)
  15 plants
20 creatures vanquished.

Grand Total: 328 creatures vanquished

Notes
Turn   | Place    | Note
-------+----------+-------------------------------------------
     0 | D:1      | siradein the Demonspawn Berserker began the quest for the
                  | Orb.
     0 | D:1      | Reached XP level 1. HP: 18/18 MP: 1/1
    35 | D:1      | Reached skill level 3 in Axes
   269 | D:1      | Gained mutation: You regenerate a little health from kills.
                  | [demonic ancestry]
   269 | D:1      | Reached XP level 2. HP: 12/24 MP: 2/2
   681 | D:1      | Found a faded altar of an unknown god.
   937 | D:1      | Reached ** piety under Trog
   978 | D:1      | Gained mutation: A meltable shield of frost defends you.
                  | (SH +4) [demonic ancestry]
   978 | D:1      | Reached XP level 3. HP: 29/29 MP: 3/3
  1203 | D:2      | Reached skill level 4 in Axes
  1204 | D:2      | HP: 1/29 [poisoned by an adder]
  2145 | D:2      | Reached XP level 4. HP: 27/35 MP: 4/4
  2718 | D:3      | Noticed Robin
  2745 | D:3      | Reached skill level 5 in Axes
  2749 | D:3      | Killed Robin
  2763 | D:3      | Gained mutation: You are partially covered in molten
                  | scales. (AC +2) [demonic ancestry]
  2763 | D:3      | Reached XP level 5. HP: 38/41 MP: 5/5
  2811 | D:3      | Noticed a black bear
  2830 | D:3      | Killed a black bear
  2831 | D:3      | Reached skill level 6 in Axes
  2911 | D:3      | Found Uwikhan's Weapon Boutique.
  3502 | D:4      | Gained mutation: You regenerate health from kills. [demonic
                  | ancestry]
  3502 | D:4      | Reached XP level 6. HP: 33/47 MP: 6/6
  3563 | D:4      | Reached *** piety under Trog
  3816 | D:4      | Found a glowing drain.
  3826 | Sewer    | Entered a sewer
  3881 | Sewer    | Noticed a water moccasin
  3896 | Sewer    | Killed a water moccasin
  3897 | Sewer    | Reached skill level 7 in Axes
  3897 | Sewer    | Reached XP level 7. HP: 52/52 MP: 7/7
  4502 | D:5      | Entered Level 5 of the Dungeon
  4778 | D:5      | Found a shimmering altar of Xom.
  4877 | D:5      | Reached skill level 8 in Axes
  5039 | D:3      | Bought a +1 battleaxe of electrocution for 232 gold pieces
  5311 | D:6      | Found a staircase to the Ecumenical Temple.
  5452 | D:6      | Reached skill level 9 in Axes
  5452 | D:6      | Gained mutation: You have a pair of small antennae on your
                  | head. [demonic ancestry]
  5452 | D:6      | Reached XP level 8. HP: 48/58 MP: 8/8
  5459 | D:6      | Reached **** piety under Trog
  5572 | D:6      | Found a blossoming altar of Fedhas.
  6135 | D:7      | Reached skill level 10 in Axes
  6179 | D:7      | Noticed Maggie
  6191 | D:7      | Killed Maggie
  6386 | D:7      | Reached skill level 11 in Axes
  6386 | D:7      | Gained mutation: You are mostly covered in molten scales.
                  | (AC +3) [demonic ancestry]
  6386 | D:7      | Reached XP level 9. HP: 47/63 MP: 9/9
  6533 | D:7      | Noticed Duvessa
  6533 | D:7      | Noticed Dowan
  6537 | D:7      | Killed Duvessa
  6549 | D:7      | Killed Dowan
  6709 | D:7      | Noticed Harold
  6724 | D:7      | Killed Harold
  6725 | D:7      | Reached skill level 12 in Axes
  6831 | D:8      | Noticed Maurice
  6861 | D:8      | Killed Maurice
  6862 | D:8      | Reached skill level 13 in Axes
  6878 | D:8      | Gained mutation: You are completely covered in molten
                  | scales. (AC +4, rF+) [demonic ancestry]
  6878 | D:8      | Reached XP level 10. HP: 54/70 MP: 10/10
  8126 | D:9      | Noticed a two-headed ogre
  8136 | D:9      | Killed a two-headed ogre
  8145 | D:9      | Found a staircase to the Lair.
  8158 | D:9      | Reached skill level 14 in Axes
  8370 | D:9      | Found a staircase to the Orcish Mines.
  8551 | D:9      | Found an ancient bone altar of Kikubaaqudgha.
  8636 | D:9      | Found a stormy altar of Qazlal.
  9014 | D:10     | Entered Level 10 of the Dungeon
  9032 | D:10     | Noticed a centaur warrior
  9046 | D:10     | Killed a centaur warrior
  9206 | D:10     | Reached skill level 15 in Axes
  9206 | D:10     | Gained mutation: A meltable icy envelope protects you from
                  | harm. (AC +4) [demonic ancestry]
  9206 | D:10     | Reached XP level 11. HP: 70/75 MP: 11/11
  9243 | D:10     | You fall into a shaft and drop 2 floors!
  9243 | D:12     | Found Kaatidyu's Jewellery Shoppe.
  9244 | D:12     | Noticed a green ugly thing
  9320 | D:12     | Killed a green ugly thing
  9625 | D:11     | Noticed a centaur warrior
  9648 | D:11     | Killed a centaur warrior
  9806 | D:10     | Noticed a seven-headed hydra
  9807 | D:10     | Noticed a tengu warrior
  9807 | D:10     | Noticed a deep elf pyromancer
  9965 | D:10     | Killed a deep elf pyromancer
 10149 | D:10     | Reached skill level 16 in Axes
 10243 | D:10     | Noticed a deep elf pyromancer
 10264 | D:10     | Killed a deep elf pyromancer
 10265 | D:10     | Reached skill level 1 in Evocations
 10581 | D:10     | Killed a tengu warrior
 10770 | D:10     | Killed a seven-headed hydra
 11020 | D:11     | Found a runed translucent gate.
 11020 | D:11     | Found a runed translucent gate.
 11020 | D:11     | Found a runed translucent gate.
 11020 | D:11     | Noticed a red ugly thing
 11020 | D:11     | Noticed a brown ugly thing
 11020 | D:11     | Noticed a cyan ugly thing
 11020 | D:11     | Noticed a green ugly thing
 11020 | D:11     | Noticed a red ugly thing
 11021 | D:11     | Noticed a brown very ugly thing
 11022 | D:11     | Noticed a red ugly thing
 11699 | Lair:1   | Entered Level 1 of the Lair of Beasts
 11731 | Lair:1   | Reached XP level 12. HP: 84/84 MP: 12/12
 11756 | Lair:1   | Found a runed translucent gate.
 11756 | Lair:1   | Found a runed translucent gate.
 11756 | Lair:1   | Found a runed translucent gate.
 11791 | Lair:1   | Found a gate leading to a gauntlet.
 11791 | Lair:1   | Noticed GameKiller's ghost (novice DsWz)
 11800 | Gauntlet | Entered a Gauntlet
 11800 | Gauntlet | Found a transporter.
 11800 | Gauntlet | Found a transporter.
 11801 | Gauntlet | Found a transporter.
 11804 | Gauntlet | Found a transporter.
 11804 | Gauntlet | Found a transporter.
 11815 | Gauntlet | Found a transporter.
 11839 | Gauntlet | Noticed a catoblepas
 11841 | Gauntlet | Found a transporter.
 11842 | Gauntlet | Found a transporter.
 11871 | Gauntlet | Noticed a balrug
 11901 | Gauntlet | Found a transporter.
 11917 | Gauntlet | Found a transporter.
 11926 | Gauntlet | Found a transporter.
 11938 | Gauntlet | Found a transporter.
 11984 | Gauntlet | Noticed a bunyip
 12011 | Gauntlet | Noticed a seven-headed hydra
 12011 | Gauntlet | a bunyip changed into a seven-headed hydra
 12109 | Gauntlet | Noticed a death yak
 12196 | Gauntlet | Noticed an azure jelly
 12215 | Gauntlet | Noticed a storm dragon
 12215 | Gauntlet | an azure jelly changed into a storm dragon
 12357 | Gauntlet | Noticed a minotaur
 12378 | Gauntlet | Killed a minotaur
 12379 | Gauntlet | Reached skill level 5 in Fighting
 12419 | Gauntlet | Identified the -2 cloak of the Ladybird {*Corrode rN+
                  | Slay+3}
 12578 | Gauntlet | Identified the +11 great sword of Esupreno {drain, +Rage
                  | rPois Int+3}
 12578 | Gauntlet | Noticed a minotaur
 12666 | Gauntlet | Slain by a minotaur

Illustrated notes

Levels and vault maps discovered:
D:1:      amcnicky_arrival_flooded_fountain, layout_basic,
          ebering_ecumenical_altar_abandoned, grunt_decor_mini_mirrors,
          minmay_misc_feat_four_crosses
D:2:      layout_basic, minmay_quantized
D:3:      layout_loops_corners, serial_shops, shop, uniq_robin
D:4:      layout_basic, cheibrodos_sewer_entry_bend, minmay_pentomino_pile
D:5:      layout_basic, mainiacjoe_overflow_cross_hatched
D:6:      layout_cave_pools, fedhas_altar_fruit_tree,
          minmay_temple_entry_stoned_glass, serial_bayou, serial_bayou_lake_a,
          serial_bayou_pond_e, serial_bayou_pond_c, serial_bayou_pond_c,
          hangedman_decor_growths
D:7:      layout_basic, uniq_maggie, uniq_duvessa, uniq_harold
D:8:      layout_layer_cave, uniq_maurice
D:9:      layout_roguey, kiku_gazebo_pond_becter,
          nicolae_qazlal_general_emergency, erik_lair_island
D:10:     minmay_bloctagon_deflated, layout_loops_ring,
          small_chamber_with_monster
D:11:     layout_roguey [special_room_orc],
          ploomutoo_gammafunk_ghost_potion_laboratory, lemuel_nasty_fountain
D:12:     layout_basic, minmay_shop_enchanted_jewellery, nemelex_altar_shiori
Lair:1:   layout_gridlike, gauntlet_entry_generic, gammafunk_ghost_necromancy,
          grunt_megastairs_4, lemuel_fruit_tree, infiniplex_staircase_pool
Gauntlet: gammafunk_gauntlet_shortcut [nicolae_gauntlet_arena_blocks,
          nicolae_gauntlet_arena_quarters, gammafunk_gauntlet_arena_mazey,
          nicolae_gauntlet_arena_grate_2, gammafunk_gauntlet_arena_crates,
          gammafunk_gauntlet_arena_chambers, gauntlet_exit_spiral]

Skill      XL: |  1  2  3  4  5  6  7  8  9 10 11 12 |
---------------+-------------------------------------+-----
Axes           | 3 4 5 6 7 9 11 13 15 16 | 16.0
Armour         | 3 4 |  4.7
Dodging        | 3 4 |  4.7
Evocations     | 3 4 |  4.5
Fighting       | 4 5 |  5.6

Action                   |  1- 3 |  4- 6 |  7- 9 | 10-12 || total
-------------------------+-------+-------+-------+-------++-------
Melee: Hand axe          |   168 |    61 |       |       ||   229
       War axe           |       |   130 |    79 |       ||   209
       Battleaxe         |       |       |   214 |   414 ||   628
       Mace              |       |       |       |     9 ||     9
Invok: Berserk           |     1 |     2 |     3 |    15 ||    21
       Trog's Hand       |     1 |     4 |     7 |    22 ||    34
  Use: Scroll            |       |       |     4 |     7 ||    11
       Potion            |       |       |     1 |       ||     1
Armor: Animal skin       |    24 |       |       |       ||    24
       Chain mail        |    25 |    37 |       |       ||    62
       Plate armour      |       |    61 |     9 |       ||    70
       Leather armour    |       |       |    33 |       ||    33
       Skin              |       |       |     3 |       ||     3
       Steam dragon scal |       |       |    45 |   210 ||   255
Dodge: Dodged            |   102 |    41 |   127 |   263 ||   533
Block: Other             |    24 |    92 |    99 |   211 ||   426
       Reflection        |       |     1 |       |    11 ||    12

Table legend: (Time is in decaauts)
 A = Elapsed time spent in this place.
 B = Non-inter-level travel time spent in this place.
 C = Inter-level travel time spent in this place.
 D = Time resting spent in this place.
 E = Time spent auto-exploring this place.
 F = Levels seen in this place.
 G = Mean time per level.
                   A        B        C        D        E       F      G
               +--------+--------+--------+--------+--------+-----+--------+
         Total |  12936 |  12399 |    537 |    921 |   7947 |  15 |  862.4 |
       Dungeon |  11795 |  11258 |    537 |    779 |   7664 |  12 |  982.9 |
          Lair |     97 |     97 |      0 |      0 |      0 |   1 |   97.0 |
         Sewer |    175 |    175 |      0 |      0 |     74 |   1 |  175.0 |
      Gauntlet |    867 |    867 |      0 |    141 |    209 |   1 |  867.0 |
               +--------+--------+--------+--------+--------+-----+--------+

Top non-repeatable levels by time:
    D:10: 1589 daAuts
     D:1: 1326 daAuts
     D:8: 1280 daAuts
     D:3: 1245 daAuts
     D:2: 1085 daAuts
     D:9: 1030 daAuts
     D:6: 954 daAuts
     D:4: 871 daAuts
Gauntlet: 867 daAuts
    D:11: 800 daAuts
     D:7: 707 daAuts
     D:5: 589 daAuts
    D:12: 315 daAuts
   Sewer: 175 daAuts
  Lair:1: 97 daAuts
